 Dungeon Crawl Stone Soup version 0.31-a0-229-g1fc7ce93e2 (webtiles) character file.

Game seed: 11393141793171935577

243 qw the Shooter (level 5, -5/42 HPs)
             Began as a Minotaur Hexslinger on July 6, 2023.
             Slain by Terence
             ... wielding a +0 mace
              (8 damage)
             ... on level 3 of the Dungeon.
             The game lasted 00:00:42 (1944 turns).

qw the Shooter (Minotaur Hexslinger)                Turns: 1944, Time: 00:00:43

Health: -5/42      AC:  5    Str: 12    XL:     5   Next: 82%
Magic:  5/5        EV: 11    Int: 10    God:
Gold:   198        SH:  0    Dex: 15    Spells: 5/6 levels left

rFire   + . .        Y - +2 sling
rCold   . . .        (no shield)
rNeg    . . .        j - +0 ring mail
rPois   .            (helmet restricted)
rElec   .            (no cloak)
rCorr   .            (no gloves)
SInv    .            (no boots)
Will    .....        (no amulet)
Stlth   +            e - ring of protection from fire
HPRegen 0.27/turn    (no ring)
MPRegen 0.09/turn

%: no passive effects
@: no status effects
A: horns 2, retaliatory headbutt
a: no special abilities


You were on level 3 of the Dungeon.
You visited 1 branch of the dungeon, and saw 3 of its levels.

You collected 198 gold pieces.


Innate Abilities, Weirdness & Mutations

You have a pair of horns on your head.
You reflexively headbutt those who attack you in melee.


   Skills:
 + Level 2.3 Fighting
 - Level 5.4 Ranged Weapons
 - Level 3.5 Armour
 - Level 2.1 Dodging
 - Level 1.0 Spellcasting
 - Level 2.0 Hexes


You had 5 spell levels left.
You knew the following spells:

 Your Spells              Type           Power      Damage    Failure   Level
a - Slow                  Hex            16%        N/A       32%         1

Your spell library contained the following spells:

 Spells                   Type           Power      Damage    Failure   Level
 Inner Flame              Hex/Fire       2%         N/A       82%         3
 Portal Projectile        Hex/Tloc       4%         N/A       82%         3
 Cause Fear               Hex            2%         N/A       97%         4

Inventory:

Hand Weapons
 Y - a +2 sling (weapon)
Armour
 j - a +0 ring mail (worn)
Jewellery
 e - a ring of protection from fire (left hand)
Scrolls
 a - a scroll of identify
Potions
 b - a potion of attraction {unknown}
 d - a potion of enlightenment {unknown}
 f - a potion of lignification {unknown}
 i - a potion of haste {unknown}
 l - a potion of resistance {unknown}
 m - a potion of heal wounds {unknown}

Dungeon Overview and Level Annotations

Branches:
Dungeon (3/15)

Altars:

Shops:
D:2 [

Annotations:
D:3 Terence


Message History

There is a stone staircase leading up here.
You now have 198 gold pieces (gained 16).
Terence the Incautious comes into view.
He is wielding a +0 mace.
Terence shouts!
You shoot a sling bullet. The sling bullet barely misses Terence.
You shoot a sling bullet. The sling bullet barely misses Terence.
You shoot a sling bullet.
The sling bullet closely misses Terence.
Terence hits you with a +0 mace!
You shoot a sling bullet.
The sling bullet hits Terence but does no damage.
Terence hits you with a +0 mace.
You shoot a sling bullet. The sling bullet hits Terence.
Terence is moderately wounded.
Terence hits you with a +0 mace!
You shoot a sling bullet.
The sling bullet closely misses Terence.
Terence hits you but does no damage.
You shoot a sling bullet.
The sling bullet hits Terence but does no damage.
Terence is moderately wounded.
Terence hits you with a +0 mace.
You shoot a sling bullet.
The sling bullet closely misses Terence.
Terence closely misses you. You furiously retaliate!
You headbutt Terence. Terence hits you but does no damage.
You shoot a sling bullet.
The sling bullet hits Terence but does no damage.
Terence is heavily wounded.
Terence hits you with a +0 mace.
You shoot a sling bullet. The sling bullet hits Terence.
Terence is severely wounded.
Terence hits you with a +0 mace!
You shoot a sling bullet. The sling bullet hits Terence.
Terence is almost dead.
Terence hits you with a +0 mace!
You shoot a sling bullet. The sling bullet hits Terence.
Terence is almost dead.
Terence barely misses you. Terence hits you with a +0 mace!
You die...

#+##.....#
........########
#.............##
#..............
#...........#
#...[<......#
#...........#
#.####..#####
#.# ##@#
#.###.#.@.#
##............
#...##..###.#.#
##.#.#..## ...#
###.......# ..#
#.........# ...
######.#......##
...
.......#......##


You could see Terence.

Vanquished Creatures
  2 phantoms (D:2)
  4 adders (D:2)
  A worm (D:2)
  2 dart slugs
  6 bats
  5 endoplasms
  2 giant cockroaches (D:2)
  3 goblins
  4 hobgoblins
  4 jackals (D:2)
  3 quokkas
  5 ball pythons (D:1)
  6 kobolds
  5 rats
52 creatures vanquished.

Notes
Turn   | Place    | Note
-------+----------+-------------------------------------------
     0 | D:1      | qw the Minotaur Hexslinger began the quest for the Orb.
     0 | D:1      | Reached XP level 1. HP: 16/16 MP: 1/1
     0 | D:1      | 0 ||| qw: Version: 0.3-a-46-gb1f654a
     0 | D:1      | 0 ||| qw: Game counter: 1299
     0 | D:1      | 0 ||| qw: Melee chars always use a shield: true
     0 | D:1      | 0 ||| qw: God list: Okawaru
     0 | D:1      | 0 ||| qw: Allow faded altars: false
     0 | D:1      | 0 ||| qw: Do Orc after clearing Dungeon:15 true
     0 | D:1      | 0 ||| qw: Do second Lair branch before Depths: true
     0 | D:1      | 0 ||| qw: Lair rune preference: random
     0 | D:1      | 0 ||| qw: Goals: Normal
     0 | D:1      | 0 ||| PLANNING D:1-11
   175 | D:1      | Reached skill level 3 in Ranged Weapons
   176 | D:1      | Reached XP level 2. HP: 23/23 MP: 2/2
   213 | D:1      | 213 ||| FLEEEEING.
   496 | D:1      | Reached XP level 3. HP: 29/29 MP: 3/3
   875 | D:1      | 875 ||| UPGRADING to +0 ring mail.
   885 | D:1      | 885 ||| DROPPING +0 robe.
   886 | D:1      | 886 ||| UPGRADING to ring of protection from fire.
   887 | D:1      | 887 ||| READING scroll labelled UDGHEIKL FOEREI.
   890 | D:1      | 890 ||| READING scroll labelled OTOILI OD LINE.
   891 | D:1      | 891 ||| READING scroll labelled YTZOEFFOMEU.
   892 | D:1      | 892 ||| READING scroll labelled FIYNAH ZUSUA.
   893 | D:1      | 893 ||| DROPPING scroll of poison.
   943 | D:2      | Found Saonax's Antique Armour Shop.
   963 | D:2      | 963 ||| SHOPLISTING embroidered hat (217 gold, have 121).
   963 | D:2      | 963 ||| SHOPLISTING pair of boots (139 gold, have 121).
   963 | D:2      | 963 ||| SHOPLISTING twisted ring mail (279 gold, have 121).
   980 | D:2      | Found a faded altar of an unknown god.
  1104 | D:2      | Reached skill level 4 in Ranged Weapons
  1185 | D:2      | Noticed a phantom
  1200 | D:2      | Killed a phantom
  1201 | D:2      | Reached skill level 3 in Armour
  1201 | D:2      | Reached XP level 4. HP: 12/36 MP: 4/4
  1203 | D:2      | HP: 9/36 [poisoned by an adder]
  1340 | D:2      | Reached XP level 5. HP: 41/41 MP: 5/5
  1759 | D:2      | 1759 ||| READING scroll labelled URUAMU JEDOBY.
  1814 | D:3      | Noticed a phantom
  1820 | D:3      | 1820 ||| STAIRDANCE
  1826 | D:2      | Killed a phantom
  1827 | D:2      | Reached skill level 5 in Ranged Weapons
  1932 | D:3      | Noticed Terence
  1943 | D:3      | HP: 3/42 [Terence/+0 mace (8)]
  1944 | D:3      | Slain by Terence

Levels and vault maps discovered:
D:1:      kilobyte_arrival_exit_the_forest, layout_basic, st_stairs_6,
          corner_web_ring
D:2:      layout_basic, shapermc_ecumenical_altar_rom_forum, serial_shops, shop
D:3:      layout_rooms, nicolae_overflow_ecumenical_swirl,
          nicolae_overflow_crystal_walls, serial_shops, nicolae_diamond_shop,
          uniq_terence

Skill      XL: |  1  2  3  4  5 |
---------------+----------------+-----
Ranged Weapons | 3 4 5 |  5.4
Fighting       | 2 |  2.3
Armour         | 3 |  3.5
Dodging        | |  2.1
Spellcasting   | |  1.0
Hexes          | |  2.0

Action                     |  1- 3 |  4- 6 || total
---------------------------+-------+-------++-------
   Fire: Sling             |   104 |    52 ||   156
    Use: Scroll            |     4 |     1 ||     5
 Armour: Robe              |     1 |       ||     1
         Ring mail         |     7 |    24 ||    31
  Dodge: Dodged            |    20 |    39 ||    59

Table legend:
 A = Non-vault XP
 B = Vault XP
 C = Vault XP percentage of total XP
 D = Non-vault monster count
 E = Vault monster count
 F = Vault count percentage of total count
                 A         B        C        D         E       F
            +---------+---------+-------+---------+---------+-------
      Total |     347 |       1 |   0.3 |      51 |       1 |   1.9
            +---------+---------+-------+---------+---------+-------
        D:1 |      48 |       1 |   2.0 |      28 |       1 |   3.4
        D:2 |     295 |       0 |   0.0 |      21 |       0 |   0.0
        D:3 |       4 |       0 |   0.0 |       2 |       0 |   0.0
            +---------+---------+-------+---------+---------+-------
